 Dungeon Crawl Stone Soup version 0.31.0-11-ge490571c62 (webtiles) character file.

Game seed: 14192919481301845134

1704 Arcadio the Covered (level 8, -6/70 HPs)
             Began as an Armataur Gladiator on Jan 26, 2024.
             Killed from afar by Maggie (9 damage)
             ... with a bolt of fire
             ... on level 7 of the Dungeon.
             The game lasted 00:11:42 (6088 turns).

Arcadio the Covered (Armataur Gladiator)            Turns: 6088, Time: 00:11:43

Health: -6/70      AC: 12    Str: 21    XL:     8   Next: 73%
Magic:  8/8        EV:  7    Int:  9    God:
Gold:   269        SH:  0    Dex: 12    Spells: 7/7 levels left

rFire   . . .        j - +0 hand axe (elec)
rCold   . . .        (no shield)
rNeg    . . .        w - +0 chain mail
rPois   .            c - +0 helmet
rElec   .            (no cloak)
rCorr   .            t - +0 pair of gloves
SInv    .            (no barding)
Will    .....        (no amulet) Stlth
                     (no ring)
HPRegen 0.31/turn    (no ring)
MPRegen 0.11/turn

%: roll
@: hasted, very quick
A: large, deformed body, tough skin 3, armoured tail, roll 2
a: no special abilities


You were on level 7 of the Dungeon.
You visited 1 branch of the dungeon, and saw 7 of its levels.
You also visited: Sewer.

You collected 269 gold pieces.

Inventory:

Hand Weapons
 a - a +0 flail
 j - a +0 hand axe of electrocution (weapon)
Missiles
 d - 3 throwing nets (quivered)
 e - a javelin
Armour
 b - a +0 leather armour
 c - a +0 helmet (worn)
 f - a +0 leather armour
 p - a +0 ring mail
 t - a +0 pair of gloves (worn)
 w - a +0 chain mail (worn)
Scrolls
 h - 2 scrolls of poison
 l - a scroll of amnesia
 m - 2 scrolls of revelation {unknown}
 o - a scroll of fog {unknown}
 q - 4 scrolls of teleportation
 y - a scroll of brand weapon {unknown}
 z - a scroll of noise {unknown}
 E - a scroll of vulnerability {unknown}
Potions
 g - a potion of attraction {unknown}
 i - a potion of haste
 k - a potion of heal wounds {unknown}
 n - 2 potions of cancellation
 s - a potion of enlightenment {unknown}
 u - a potion of ambrosia {unknown}
 v - 2 potions of magic
 x - 2 potions of might {unknown}
 A - a potion of curing {unknown}
 B - a potion of degeneration {unknown}
 C - 2 potions of mutation {unknown}
 D - a potion of berserk rage {unknown}


   Skills:
 + Level 6.2 Fighting
 + Level 6.5 Maces & Flails
 - Level 1.7 Throwing
 + Level 7.5 Armour
 - Level 2.1 Dodging


You had 7 spell levels left.
You didn't know any spells.
Your spell library contained the following spells:

 Spells                   Type           Power      Damage    Failure   Level
 Sting                    Conj/Alch      0%         1d3       93%         1
 Inner Flame              Hex/Fire       0%         N/A       100%        3
 Irradiate                Conj/Alch      0%         3d11      100%        5
 Ignition                 Fire           0%         3d3       100%        8


Dungeon Overview and Level Annotations

Branches:
Dungeon (7/15)              Sewer (visited)
 Temple: D:4-7

Altars:
Ashenzari
Vehumet

Annotations:
D:3 Pikel
D:7 Maggie


Innate Abilities, Weirdness & Mutations

Armour fits poorly on your strangely shaped body.
You have extremely tough skin. (AC +3)
You have a long armoured tail.
You regenerate magic and health when rolling toward enemies. (Rampage Regen)


Message History

Found a broken altar of Ashenzari and a radiant altar of Vehumet.
Maggie the Vainglorious comes into view.
She is wielding a +0 broad axe.
Maggie shouts!
Sorry, you're not good enough to have a special ability.
Unknown command.
You roll towards Maggie!
Maggie hits you with a +0 broad axe.
You hit Maggie but do no damage. You tail-slap Maggie!
Maggie is lightly wounded.
Maggie hits you with a +0 broad axe!
You closely miss Maggie.
Your tail-slap misses Maggie.
Maggie is lightly wounded.
Maggie barely misses you.
You hit Maggie but do no damage.
Maggie is lightly wounded.
Maggie hits you with a +0 broad axe.
You barely miss Maggie.
Maggie is lightly wounded.
Maggie hits you with a +0 broad axe!
You hit Maggie but do no damage.
Maggie is lightly wounded.
Maggie hits you with a +0 broad axe!
You slash Maggie!
Maggie is moderately wounded.
Maggie hits you with a +0 broad axe.
You hit Maggie but do no damage. Lightning courses through Maggie!
Your tail-slap misses Maggie.
Maggie is heavily wounded.
Maggie hits you with a +0 broad axe!
You hit Maggie.
Maggie is heavily wounded.
Maggie hits you with a +0 broad axe! Maggie casts a spell at you.
The bolt of fire hits you!!
* * * LOW HITPOINT WARNING * * *
Okay, then.
You feel yourself speed up. Maggie attacks as she pursues you!
Maggie completely misses you. Maggie gestures at you while chanting.
The bolt of fire hits you!
You die...

## #.# ..# #.# ....
#.# # ....### #.#.##
....... ###.#...
.......+#.#...
#.#...#.#..# ..
+#.#+#.#.#@###### ...
#.#.#.#.#......... +#
...+#.#.#.#.#.#######
#.. ..#.#.#.#@#..#
+#.#+#.#.#.#.#.#.#
#.#.#.#.#.#.#.#..#
.#.#.#.#.#.#.#.#.#
#.#.#.#.#.#.#.#..#
.#.#.#.#.#.#.#.#.#


You could see Maggie.

Vanquished Creatures
  Grinder (D:3)
  Sigmund (D:3)
  An ice beast (D:6)
  2 black bears
  2 lemures (D:4)
  A kobold brigand (Sewer)
  A bullfrog (D:6)
  2 necrophages (Sewer)
  2 scorpions
  A bombardier beetle (D:5)
  2 hounds (D:5)
  2 orc priests
  A gnoll bouda (D:6)
  A jelly (D:6)
  4 iguanas
  A sleepcap (D:6)
  3 orc wizards
  9 gnolls
  6 adders
  2 shadow imps (Sewer)
  A white imp (D:6)
  2 ufetubi (Sewer)
  An adder zombie (Sewer)
  2 dart slugs
  6 ribbon worms
  6 orcs
  8 ball pythons
  12 bats
  10 endoplasms
  A giant cockroach (Sewer)
  3 goblins
  7 hobgoblins
  3 quokkas
  6 frilled lizards
  20 kobolds
  A kobold zombie (Sewer)
  8 rats
142 creatures vanquished.

Notes
Turn   | Place    | Note
-------+----------+-------------------------------------------
     0 | D:1      | Arcadio the Armataur Gladiator began the quest for the Orb.
     0 | D:1      | Reached XP level 1. HP: 17/17 MP: 1/1
     0 | D:1      | Noticed a large abomination
     0 | D:1      | Noticed a large abomination
     2 | D:1      | Noticed a large abomination
     4 | D:1      | Noticed a large abomination
     4 | D:1      | Noticed a large abomination
     6 | D:1      | Noticed a large abomination
     7 | D:1      | Noticed a large abomination
     8 | D:1      | Noticed a large abomination
    13 | D:1      | Noticed a large abomination
    13 | D:1      | Noticed a large abomination
    15 | D:1      | Noticed a small abomination
    15 | D:1      | Noticed a small abomination
    15 | D:1      | Noticed a large abomination
    17 | D:1      | Noticed a large abomination
    17 | D:1      | Noticed a large abomination
    17 | D:1      | Noticed a large abomination
    19 | D:1      | Noticed a large abomination
    19 | D:1      | Noticed a large abomination
    21 | D:1      | Noticed a large abomination
    98 | D:1      | Reached skill level 1 in Armour
   102 | D:1      | Reached XP level 2. HP: 13/24 MP: 2/2
   467 | D:1      | Reached XP level 3. HP: 27/29 MP: 3/3
  1126 | D:2      | Reached skill level 2 in Armour
  1464 | D:2      | Reached XP level 4. HP: 35/37 MP: 4/4
  1864 | D:3      | Noticed Grinder
  1920 | D:3      | Paralysed by Grinder for 4 turns
  2019 | D:3      | Reached skill level 3 in Armour
  2019 | D:3      | Reached XP level 5. HP: 15/45 MP: 5/5
  2067 | D:3      | Found a faded altar of an unknown god.
  2075 | D:3      | Noticed Sigmund
  2091 | D:3      | Killed Sigmund
  2092 | D:3      | Reached XP level 6. HP: 14/52 MP: 6/6
  2172 | D:3      | Found a glowing drain.
  2183 | D:3      | Reached skill level 4 in Armour
  2188 | Sewer    | Entered a sewer
  2566 | Sewer    | Found an ancient bone altar of Kikubaaqudgha.
  2638 | Sewer    | Gained mutation: You regenerate magic and health when
                  | rolling toward enemies. (Rampage Regen) [Armataur growth]
  2638 | Sewer    | Reached XP level 7. HP: 53/59 MP: 7/7
  2895 | D:3      | Killed Grinder
  2896 | D:3      | Reached skill level 5 in Maces & Flails
  2896 | D:3      | Reached skill level 5 in Armour
  2964 | D:3      | Got Plato's Papyrus of Virulence
  3115 | D:4      | Noticed Pikel
  3367 | D:3      | HP: 3/60 [Pikel/+1 whip of flaming (2)]
  3754 | D:2      | You fall into a shaft and drop 1 floor!
  3869 | D:5      | Entered Level 5 of the Dungeon
  3915 | D:5      | Reached skill level 5 in Fighting
  4043 | D:5      | Reached skill level 6 in Armour
  4051 | D:5      | Reached XP level 8. HP: 64/68 MP: 8/8
  5414 | D:6      | Reached skill level 7 in Armour
  6051 | D:7      | Found a broken altar of Ashenzari.
  6051 | D:7      | Found a radiant altar of Vehumet.
  6072 | D:7      | Noticed Maggie
  6081 | D:7      | HP: 2/70 [Maggie/bolt of fire (18)]
  6088 | D:7      | Killed from afar by Maggie

Illustrated notes

Levels and vault maps discovered:
D:1:      shiori_arrival_whats_in_store_for_you, layout_basic,
          minmay_pentomino_o4
D:2:      minmay_skewed_foursquare, layout_basic, nicolae_wormholes
D:3:      layout_rooms, cheibrodos_sewer_entry_bend,
          shapermc_ecumenical_altar_rom_forum, uniq_grinder, uniq_sigmund
D:4:      layout_cave_pods, elyvilon_altar_1, zin_angel, uniq_pikel
D:5:      layout_layer_cave
D:6:      layout_basic
D:7:      layout_basic, nicolae_overflow_hidden_temple,
          minmay_temple_entry_tees, uniq_maggie, uniq_prince_ribbit1

Skill      XL: |  1  2  3  4  5  6  7  8 |
---------------+-------------------------+-----
Fighting       | 2 3 4 5 6 |  6.2
Armour         | 1 2 3 4 6 7 |  7.5
Maces & Flails | 3 4 5 6 |  6.5
Throwing       | |  1.7
Dodging        | |  2.1

Action                     |  1- 3 |  4- 6 |  7- 9 || total
---------------------------+-------+-------+-------++-------
  Melee: Flail             |    35 |       |       ||    35
         Hand axe          |    79 |   134 |   222 ||   435
         Tailslap          |     5 |    11 |    30 ||    46
         Punch             |     2 |       |     4 ||     6
    Use: Scroll            |       |     3 |     2 ||     5
         Potion            |       |       |     3 ||     3
 Armour: Leather armour    |    55 |       |       ||    55
         Ring mail         |    32 |   119 |       ||   151
         Chain mail        |       |       |   246 ||   246
  Dodge: Dodged            |    65 |    66 |    90 ||   221
